 Dungeon Crawl Stone Soup version 0.30-b1-2-g02819fbbbe (webtiles) character file.

Game seed: 16907093663136631474

126 snakesoul the Magician (level 5, -3/35 HPs)
             Began as a Djinni Fire Elementalist on June 4, 2023.
             Slain by an iguana (13 damage)
             ... on level 3 of the Dungeon.
             The game lasted 00:03:41 (2566 turns).

snakesoul the Magician (Djinni Fire Elementalist)   Turns: 2566, Time: 00:03:42

Health: -3/35      AC:  2    Str:  7    XL:     5   Next: 32%
Gold:   148        EV: 12    Int: 19    God:
                   SH:  0    Dex: 13

rFire   + + .        e - +2 war axe (venom)
rCold   x . .        (no shield)
rNeg    . . .        a - +0 robe
rPois   ∞            (no helmet)
rElec   .            (no cloak)
rCorr   .            (no gloves)
SInv    .            (boots unavailable)
Will    .....        (no amulet)
Stlth   ++           (no ring)
HPRegen 0.25/turn    (no ring)
MPRegen 0.00/turn

%: infuse magic (-4 HP)
@: flying
A: sickness immunity, fire resistance 2, cold vulnerability 1, float, innate
caster, HP casting, extra vitality 1
a: no special abilities


You were on level 3 of the Dungeon.
You visited 1 branch of the dungeon, and saw 4 of its levels.

You collected 148 gold pieces.

Inventory:

Hand Weapons
 b - a +0 spear
 e - a +2 war axe of venom (weapon)
Armour
 a - a +0 robe (worn)
Magical Staves
 p - a staff of cold
Scrolls
 c - 2 scrolls of immolation {unknown}
 d - a scroll of magic mapping {unknown}
 f - a scroll of vulnerability {unknown}
 g - a scroll of blinking {unknown}
 h - a scroll of acquirement {unknown}
 j - a scroll of teleportation {unknown}
 o - a scroll of identify {unknown}
Potions
 i - a potion of might {unknown}
 k - 2 potions of curing {unknown}
 l - a potion of lignification {unknown}
 m - a potion of haste {unknown}
 n - a potion of mutation {unknown}


   Skills:
 - Level 2.1 Dodging
 - Level 1.5 Stealth
 + Level 4.3 Spellcasting


You knew the following spells:

 Your Spells              Type           Power      Damage    Failure   Level
a - Foxfire               Conj/Fire      80%        2x1d8     2%          1
b - Scorch                Fire           40%        2d7       3%          2
c - Volatile Blastmotes   Fire/Tloc      40%        2d13      7%          3
d - Inner Flame           Hex/Fire       20%        N/A       7%          3
e - Flame Wave            Conj/Fire      20%        2d7       22%         4
f - Summon Small Mammal   Summ           80%        N/A       2%          1
g - Call Imp              Summ           40%        N/A       3%          2
Your spell library was empty.

Dungeon Overview and Level Annotations

Branches:
Dungeon (4/15)
 Temple: D:4-7

Altars:


Innate Abilities, Weirdness & Mutations

You are immune to sickness and miasma.
You are immune to poison.
Your flesh is very heat resistant. (rF++)
You are vulnerable to cold. (rC-)
You float through the air rather than walking.
You learn spells naturally, not from books.
Your magical power is your life essence.
You have superior vitality. (+4 MHP)


Message History

Done exploring.
(D) Dungeon
Where to? (Enter - D:3, ? - help)
There is an open door here.
There is an open door here.
There is a stone staircase leading down here.
You fly downwards.
Found 14 gold pieces.
There is a stone staircase leading up here.
There are monsters nearby!
Casting: Foxfire (safe; 2% risk of failure)
Confirm with . or Enter, or press ? or * to list all spells.
A cloud of volatile blastmotes flares up around you!
The adder hisses angrily.
The endoplasm quivers.
The adder closely misses you. The ball python bites you.
The ball python grabs you.
You stop ascending the stairs.
The ball python constricts you.
Unknown command.
You escape the ball python's grasp.
The adder barely misses you. The ball python bites you.
The ball python closely misses you.
The iguana hisses menacingly.
The iguana bites you. The endoplasm hits you.
You fly upwards.
There is a stone staircase leading down here.
Casting: Volatile Blastmotes (dangerous; 7% risk of failure)
Confirm with . or Enter, or press ? or * to list all spells.
Flames lash the iguana.
The iguana is heavily wounded.
The iguana's fire resistance burns away.
The iguana bites you! The endoplasm freezes you.
You are frozen.
Casting: Scorch (safe; 3% risk of failure)
Confirm with . or Enter, or press ? or * to list all spells.
Flames lash the endoplasm.
You kill the endoplasm!
* * * LOW HITPOINT WARNING * * *
The iguana bites you!
You die...

# #.##.# ##.##...# #.####.## #
#.##.## #.####.## ##.# #.# #
#.##..###.# ##.###.## #.# #
#.........# ##...## ##'##
#####.##### ##.## ##...##
#####.## ###.# ##..<..# #
##.##...## ##.#.# ##<......
####....#.#.######....###........
'..............S@lS.....+........
####....###.######....###........
# ##.##.#.## #..### ##.......
#.###.## #.## ##.....# #.# ###
#.# ##...## #.# #.# ##'## #.# #.#
#.# #.# ###.### #.# #.# #.....#
##.##


You could see an iguana (combustible), an adder and a ball python.

Vanquished Creatures
  6 adders
  A worm (D:2)
  2 dart slugs (D:3)
  An orc (D:3)
  9 endoplasms
  A giant cockroach (D:3)
  4 goblins
  6 hobgoblins
  10 jackals
  6 ball pythons
  7 bats
  2 frilled lizards (D:2)
  2 kobolds
  4 rats
61 creatures vanquished.

Vanquished Creatures (others)
  249 foxfires
  5 toadstools (D:1)
254 creatures vanquished.

Grand Total: 315 creatures vanquished

Notes
Turn   | Place    | Note
-------+----------+-------------------------------------------
     0 | D:1      | snakesoul the Djinni Fire Elementalist began the quest for
                  | the Orb.
     0 | D:1      | snakesoul set off with the following spells memorised:
                  | Foxfire, Scorch, Volatile Blastmotes, Inner Flame, Flame
                  | Wave.
     0 | D:1      | Reached XP level 1. HP: 15/15 MP: 0/0
    83 | D:1      | Reached XP level 2. HP: 15/21 MP: 0/0
   264 | D:1      | Found a faded altar of an unknown god.
   291 | D:1      | Reached skill level 3 in Spellcasting
   533 | D:1      | Reached XP level 3. HP: 21/25 MP: 0/0
   533 | D:1      | Learned a level 1 spell: Summon Small Mammal
  1119 | D:2      | Reached XP level 4. HP: 24/31 MP: 0/0
  1416 | D:2      | Reached skill level 4 in Spellcasting
  1729 | D:3      | Reached XP level 5. HP: 30/35 MP: 0/0
  1729 | D:3      | Learned a level 2 spell: Call Imp
  2566 | D:3      | Slain by an iguana

Illustrated notes

Levels and vault maps discovered:
D:1:      ldierk_walled_garden, layout_basic, chequers_ecumenical_altar_simple
D:2:      layout_basic
D:3:      layout_loops_corners, minivault_23
D:4:      layout_basic, serial_glass, glass_columns_a, glass_columns_a,
          minmay_distorted

Skill      XL: |  1  2  3  4 |
---------------+-------------+-----
Spellcasting   | 3 4 |  4.3
Dodging        | |  2.1
Stealth        | |  1.5

Action                     |  1- 3 |  4- 6 || total
---------------------------+-------+-------++-------
  Melee: War axe           |       |     1 ||     1
   Cast: Foxfire           |    88 |    60 ||   148
         Scorch            |     4 |    14 ||    18
         Volatile Blastmot |     1 |     1 ||     2
 Armour: Robe              |     1 |     2 ||     3
  Dodge: Dodged            |     1 |    11 ||    12
